 Dungeon Crawl Stone Soup version 0.29-a0-23-ga79f92ac9c (webtiles) character file.

Game seed: 11303432226245229859

16 HallandMoats the Ruffian (level 2, 0/26 HPs)
             Began as a Ghoul Monk on Jan 30, 2022.
             Was an Initiate of Ashenzari.
             Slain by a quokka (3 damage)
             ... on level 1 of the Dungeon.
             The game lasted 00:00:45 (103 turns).

HallandMoats the Ruffian (Ghoul Monk)                Turns: 103, Time: 00:00:46

Health: 0/26       AC:  2    Str: 14    XL:     2   Next: 58%
Magic:  1/1        EV: 12    Int:  5    God:    Ashenzari [......]
Gold:   19         SH:  0    Dex: 11    Spells: 1/1 levels left

rFire   . . .      SeeInvis .     - Unarmed
rCold   + . .      Faith    .   (no shield)
rNeg    + + +      Spirit   .   a - +0 robe
rPois   ∞          Reflect  .   (no helmet)
rElec   .          Harm     .   (no cloak)
rCorr   .          Rampage  .   (no gloves)
Will    .....                   (no boots)
Stlth   ++........              (no amulet)
HPRegen 0.00/turn               (no ring)
MPRegen 0.07/turn               (no ring)

@: inhibited regen
A: claws 1, cold resistance 1, negative energy resistance 3, inhibited
regeneration, torment resistance 2
a: Renounce Religion, Curse Item


You were on level 1 of the Dungeon.
You worshipped Ashenzari.
Ashenzari was noncommittal.
You visited 1 branch of the dungeon, and saw 1 of its levels.

You collected 19 gold pieces.

Inventory:

Armour
 a - a +0 robe (worn)
Scrolls
 b - a scroll of vulnerability {unknown}
 c - a scroll of teleportation {unknown}
 d - 2 scrolls of identify {unknown}


   Skills:
 * Level 3.6 Fighting
 + Level 0.4 Armour
 + Level 2.8 Dodging
 - Level 2.1 Stealth
 * Level 3.6 Unarmed Combat
 + Level 0.4 Invocations


You had one spell level left.
You didn't know any spells.
Your spell library was empty.

Dungeon Overview and Level Annotations

Branches:
Dungeon (1/15)

Altars:
Ashenzari


Innate Abilities, Weirdness & Mutations

You thrive by killing the living.
You are immune to poison.
You have sharp fingernails.
Your flesh is cold resistant. (rC+)
You are immune to negative energy. (rN+++)
You do not regenerate when monsters are visible.
You are immune to unholy pain and torment.


Message History

You feel better. The hobgoblin barely misses you.
You have reached level 2!
The goblin hits you with a +0 dagger.
Things that are here:
a +0 spear; a gnoll corpse You closely miss the goblin.
The goblin hits you but does no damage. The hobgoblin hits you.
You miss the goblin. The goblin barely misses you.
You barely miss the goblin. The hobgoblin hits you.
* * * LOW HITPOINT WARNING * * *
The goblin closely misses you.
You miss the goblin.
The hobgoblin hits you but does no damage.
The goblin barely misses you.
You miss the goblin. The hobgoblin barely misses you.
The goblin hits you with a +0 dagger.
* * * LOW HITPOINT WARNING * * *
You claw the goblin!
You kill the goblin!
You feel better. The hobgoblin closely misses you.
You see here a +0 dagger.
You closely miss the hobgoblin. The hobgoblin misses you.
You scratch the hobgoblin.
You kill the hobgoblin!
You feel better.
You see here a +0 dagger.
Things that are here:
a +0 spear; a gnoll corpse You start resting.
A quokka comes into view.
Things that are here:
a +0 spear; a gnoll corpse A quokka is nearby!
The quokka bites you but does no damage.
You miss the quokka. The quokka barely misses you.
You scratch the quokka but do no damage.
The quokka bites you.
* * * LOW HITPOINT WARNING * * *
You barely miss the quokka. The quokka bites you.
You die...

g. #.### #.##.## #. #...#
##.#.... #.. #.#$###......
.###..####............
......g..g..#...#..#.###
##...J.....#...#..#....
#.(..#####.#...#).#.)..
##.#...######.............
........r@))..(...........
##.#..#######.#......#...#
#. #..#......#._.# #
....#......#....
####.............
####...##.####
.........####
#............
....P#≈#P.....


You could see a quokka.

Vanquished Creatures
  A gnoll (D:1)
  A giant cockroach (D:1)
  2 goblins (D:1)
  2 hobgoblins (D:1)
6 creatures vanquished.

Notes
Turn   | Place    | Note
-------+----------+-------------------------------------------
     0 | D:1      | HallandMoats the Ghoul Monk began the quest for the Orb.
     0 | D:1      | Reached XP level 1. HP: 19/19 MP: 0/0
     2 | D:1      | Found a faded altar of an unknown god.
    35 | D:1      | Prayed at the altar of an unknown god.
    35 | D:1      | Became a worshipper of Ashenzari the Shackled
    78 | D:1      | Reached XP level 2. HP: 14/26 MP: 1/1
    83 | D:1      | HP: 1/26 [goblin (2)]
   103 | D:1      | Slain by a quokka

Illustrated notes

Levels and vault maps discovered:
D:1:      eino_arrival_water_cross, layout_loops_ring,
          hellmonk_ecumenical_altar_lost_god

Action                   || total
-------------------------++-------
Melee: Unarmed           ||    20
Armor: Robe              ||     5
Dodge: Dodged            ||    12

Table legend: (Time is in decaauts)
 A = Elapsed time spent in this place.
 B = Non-inter-level travel time spent in this place.
 C = Inter-level travel time spent in this place.
 D = Time resting spent in this place.
 E = Time spent auto-exploring this place.
 F = Levels seen in this place.
 G = Mean time per level.
                   A        B        C        D        E       F      G
               +--------+--------+--------+--------+--------+-----+--------+
         Total |    101 |    101 |      0 |      0 |     10 |   1 |  101.0 |
       Dungeon |    101 |    101 |      0 |      0 |     10 |   1 |  101.0 |
               +--------+--------+--------+--------+--------+-----+--------+

Top non-repeatable levels by time:
     D:1: 101 daAuts
